 Dungeon Crawl Stone Soup version 0.27-a0-1374-gc14e5d3922 (webtiles) character file.

Game seed: 16695037704149557873

168 Ijustatesigmund the Ducker (level 5, -2/37 HPs)
             Began as an Octopode Fighter on June 29, 2021.
             Slain by Sigmund (7 damage)
             ... on level 3 of the Dungeon.
             The game lasted 00:02:32 (2193 turns).

Ijustatesigmund the Ducker (Octopode Fighter)       Turns: 2193, Time: 00:02:33

Health: -2/37      AC:  1    Str: 15    XL:     5   Next: 48%
Magic:  5/5        EV: 12    Int: 10    God:
Gold:   119        SH:  9    Dex: 13    Spells: 4/4 levels left

rFire    . . .     SeeInvis .   a - +0 war axe (flame)
rCold    . . .     Faith    .   b - +0 kite shield
rNeg     . . .     Spirit   .   (helmet restricted)
rPois    .         Reflect  .   (no amulet)
rElec    .         Harm     .   (no ring)
rCorr    .         Rampage  .   (no ring)
Will     .....                  (no ring)
Stlth    ++........             (no ring)
HPRegen  0.12/turn              (no ring)
MPRegen  0.09/turn              (no ring)
                                (no ring)
                                (no ring)

@: no status effects
A: almost no armour, amphibious, 8 rings, camouflage 1, gelatinous body 1,
(nimble swimmer 1), tentacles
a: no special abilities


You were on level 3 of the Dungeon.
You visited 1 branch of the dungeon, and saw 3 of its levels.

You collected 119 gold pieces.

Inventory:

Hand Weapons
 a - a +0 war axe of flaming (weapon)
Missiles
 f - a throwing net (quivered)
Armour
 b - a +0 kite shield (worn)
Potions
 e - a potion of mutation {unknown}


   Skills:
 + Level 3.7 Fighting
 * Level 3.7 Axes
 + Level 3.8 Dodging
 + Level 3.8 Shields


You had 4 spell levels left.
You didn't know any spells.
Your spell library contained the following spells:

 Spells                   Type           Power      Damage    Failure   Level
 Foxfire                  Conj/Fire      0%         2x1d4     85%         1
 Conjure Flame            Conj/Fire      0%         6-21      99%         3
 Inner Flame              Hex/Fire       0%         N/A       99%         3
 Sticky Flame             Conj/Fire      0%         2d3       100%        4
 Fireball                 Conj/Fire      0%         3d3       100%        5


Dungeon Overview and Level Annotations

Branches:
Dungeon (3/15)

Altars:

Annotations:
D:3 Sigmund


Innate Abilities, Weirdness & Mutations

You cannot wear most types of armour.
You are amphibious.
You can wear up to eight rings at the same time.
Your skin changes colour to match your surroundings (Stealth+).
Your rubbery body absorbs attacks. (AC +1, EV +1)
((You are camouflaged near water. (Stealth+)))
You have tentacles for arms and can constrict up to eight enemies at once.


Message History

You kill the goblin!
No target in view!
No target in view!
No target in view!
No target in view!
No target in view!
No target in view!
Things that are here:
a +0 dagger; a goblin corpse You now have 119 gold pieces (gained 9).
Sigmund the Dreaded comes into view.
He is wielding a +0 scythe of protection.
You feel very mighty all of a sudden.
Sigmund shouts!
Sigmund closely misses you. Sigmund barely misses you.
You slash Sigmund! You burn Sigmund. Your grab misses Sigmund.
Sigmund is moderately wounded.
Sigmund completely misses you.
Sigmund mumbles some strange words.
Sigmund flickers and vanishes!
Deactivating autopickup; reactivate with Ctrl-A.
You barely miss something. Your squeeze misses something.
You hear some strange, mumbled words.
A magic dart appears from out of thin air!
The magic dart hits you!
You closely miss something. Something hits you! Something hits you.
You miss something.
You hear some strange, mumbled words.
You are confused.
You bump into the rock wall.
Something hits you!
* * * LOW HITPOINT WARNING * * *
You bump into the rock wall.
Something barely misses you.
It was a potion of magic.
Magic courses through your body. Something hits you.
* * * LOW HITPOINT WARNING * * *
It was a potion of cancellation.
Your magical effects are unravelling.
You feel magically purged.
You feel less confused.
You feel a little less mighty now. Something hits you!
You die...

#..######.##.##...#+###
#..# #.##.##..... #..#
#.##.# #..#. #..#
#.#... ..# #..# #.# .#
#..# #.. ##.#
######.######.##..
...........@{......
##############.##.#


There were no monsters in sight!

Vanquished Creatures
  2 vampire bats (D:3)
  2 adders (D:2)
  4 worms (D:2)
  A dart slug (D:1)
  7 endoplasms
  3 giant cockroaches
  2 goblins
  3 hobgoblins
  4 jackals
  3 quokkas
  7 ball pythons
  10 bats
  2 frilled lizards
  3 kobolds
  5 rats
58 creatures vanquished.

Notes
Turn   | Place    | Note
-------+----------+-------------------------------------------
     0 | D:1      | Ijustatesigmund the Octopode Fighter began the quest for
                  | the Orb.
     0 | D:1      | Reached XP level 1. HP: 16/16 MP: 1/1
   110 | D:1      | Reached XP level 2. HP: 21/21 MP: 2/2
   493 | D:1      | Reached XP level 3. HP: 26/26 MP: 3/3
  1272 | D:2      | Reached XP level 4. HP: 30/31 MP: 4/4
  1871 | D:3      | Reached XP level 5. HP: 29/36 MP: 5/5
  2039 | D:3      | Found a faded altar of an unknown god.
  2180 | D:3      | Noticed Sigmund
  2193 | D:3      | Slain by Sigmund

Illustrated notes

Levels and vault maps discovered:
D:1:      minmay_arrival_hallway, layout_loops_cross, minmay_misc_feat_roman
D:2:      layout_basic
D:3:      layout_basic, basic_ecumenical_altar, roderic_batcave, uniq_sigmund

Skill      XL: |  1  2  3  4 |
---------------+-------------+-----
Axes           | 3 |  3.7
Fighting       | |  3.7
Dodging        | |  3.8
Shields        | |  3.8

Action                   |  1- 3 |  4- 6 || total
-------------------------+-------+-------++-------
Melee: War axe           |    52 |    40 ||    92
       Tentacles         |     8 |     4 ||    12
       Constrict         |    11 |    10 ||    21
  Use: Scroll            |     1 |     2 ||     3
       Potion            |       |     3 ||     3
 Stab: Sleeping          |     9 |     1 ||    10
Armor: Skin              |     3 |    12 ||    15
Dodge: Dodged            |    19 |    32 ||    51
Block: Kite shield       |    21 |    16 ||    37

Table legend: (Time is in decaauts)
 A = Elapsed time spent in this place.
 B = Non-inter-level travel time spent in this place.
 C = Inter-level travel time spent in this place.
 D = Time resting spent in this place.
 E = Time spent auto-exploring this place.
 F = Levels seen in this place.
 G = Mean time per level.
                   A        B        C        D        E       F      G
               +--------+--------+--------+--------+--------+-----+--------+
         Total |   2246 |   2180 |     66 |    191 |   1668 |   3 |  748.7 |
       Dungeon |   2246 |   2180 |     66 |    191 |   1668 |   3 |  748.7 |
               +--------+--------+--------+--------+--------+-----+--------+

Top non-repeatable levels by time:
     D:2: 1004 daAuts
     D:1: 731 daAuts
     D:3: 510 daAuts
